 Dungeon Sprint DCSS version 0.17.0-27-g4a3f43e (webtiles) character file.

528 kosy22 the Nimble (level 7, -7/76 HPs)
             Began as a Troll Fighter on Nov 21, 2015.
             Was a Follower of Okawaru.
             Mangled by a griffon (14 damage)
             ... in the Dungeon (Sprint IX: "|||||||||||||||||||||||||||||").
             The game lasted 00:02:00 (280 turns).

kosy22 the Nimble (Troll Fighter)                    Turns: 280, Time: 00:02:01

Health: -7/76      AC:  5    Str: 35    XL:     7   Next: 3%
Magic:  6/6        EV: 11    Int:  7    God:    Okawaru [*.....]
Gold:   0          SH: 11    Dex:  9    Spells: 0 memorised, 6 levels left

rFire  . . .     SeeInvis .     o - +3 war axe (chop)
rCold  . . .     Clarity  .     a - +0 robe
rNeg   . . .     SustAt   .     b - +0 shield
rPois  .         Gourm    +     (helmet restricted)
rElec  .         Spirit   .     (no cloak)
rCorr  .         Warding  .     (gloves unavailable)
rMut   .         NoTele   +     (boots unavailable)
MR     .....                    (no amulet)
Stlth  +.........               q - +3 ring of intelligence
                                p - +3 ring of strength

@: mighty, not resistant to hostile enchantments, very unstealthy
A: unfitting armour, claws 3, fast metabolism 3, gourmand, regeneration 2,
shaggy fur 1, tough skin 2
a: Heroism, Renounce Religion


You were in the Dungeon.
You worshipped Okawaru.
Okawaru was aware of your devotion.
You were full.

You visited 1 branch

Inventory:

Hand Weapons
 o - a +3 war axe of chopping (weapon)
Armour
 a - a +0 robe (worn)
 b - a +0 shield (worn)
Jewellery
 p - a +3 ring of strength (left claw)
 q - a +3 ring of intelligence (right claw)
Wands
 n - a wand of draining (7)
Scrolls
 j - 2 scrolls of blinking
 l - 3 scrolls of remove curse
 m - 2 scrolls of amnesia
Potions
 e - 4 potions of curing
 f - a potion of invisibility
 g - a potion of haste
 h - 4 potions of magic
Comestibles
 d - a bread ration


   Skills:
 + Level 6.7 Fighting
 + Level 1.0 Axes
 + Level 8.8 Dodging
 + Level 0.5 Stealth
 + Level 6.2 Shields
 + Level 4.8 Unarmed Combat


You had 6 spell levels left.
You didn't know any spells.

Dungeon Overview and Level Annotations

Branches:
Dungeon (1/1)

Altars:
Cheibriados
Dithmenos
Elyvilon
Fedhas
Gozag
Kikubaaqudgha
Makhleb
Nemelex Xobeh
Okawaru
Qazlal
Ru
Sif Muna
Trog
Vehumet
Xom
Yredelemnul
Zin
The Shining One
Beogh
Jiyva
Lugonu


Innate Abilities, Weirdness & Mutations

You are too large for most types of armour.
You have claws for hands.
Your metabolism is lightning-fast.
You like to eat raw meat.
You heal very quickly.
You are covered in fur (AC +1).
You have very tough skin (AC +2).


Message History

* * * LOW HITPOINT WARNING * * *
You block the griffon's attack. x2
Unknown command.
Drink which item? (? for menu, Esc to quit)
You feel better. The griffon barely misses you. You block the griffon's attack.
The griffon claws you but does no damage.
You slash the griffon!
The griffon is heavily wounded.
The griffon bites you. The griffon pecks you!
* * * LOW HITPOINT WARNING * * *
The griffon claws you.
* * * LOW HITPOINT WARNING * * *
You slash the griffon!
The griffon is severely wounded.
The griffon bites you.
* * * LOW HITPOINT WARNING * * *
The griffon barely misses you. The griffon claws you.
* * * LOW HITPOINT WARNING * * *
The griffon bites you!
You die... ▓▓▓▓▓▓▓▓▓▓▓▓▓▓▓▓▓▓▓▓▓▓▓▓ .ylzcYH@.....'.)[[[)|..' ▓▓▓▓▓▓▓▓▓▓▓▓▓▓▓▓▓▓▓▓▓▓▓▓

You could see a griffon, a skeletal warrior, a centaur warrior, a sky beast, a wasp and an iguana.

Vanquished Creatures
  A wyvern (D)
  A hungry ghost (D)
  A sky beast (D)
  A phantom (D)
  A jelly (D)
  An orc wizard (D)
  A gnoll (D)
  2 adder zombies (D)
  2 giant cockroaches (D)
  A ball python zombie (D)
  A bat (D)
  A kobold (D)
  A quokka skeleton (D)
  A rat (D)
16 creatures vanquished.

Notes
Turn   | Place    | Note
--------------------------------------------------------------
     0 | D        | kosy22 the Troll Fighter began the quest for the Orb.
     0 | D        | Reached XP level 1. HP: 22/22 MP: 0/0
    24 | D        | Reached skill level 3 in Fighting
    24 | D        | Reached XP level 2. HP: 28/31 MP: 1/1
    30 | D        | Noticed a sky beast
    30 | D        | Noticed a phantom
    42 | D        | Killed a phantom
    42 | D        | Reached skill level 4 in Fighting
    42 | D        | Reached skill level 5 in Dodging
    42 | D        | Reached XP level 3. HP: 6/40 MP: 2/2
    42 | D        | Reached XP level 4. HP: 7/49 MP: 3/3
    58 | D        | Killed a sky beast
    58 | D        | Reached skill level 5 in Fighting
    58 | D        | Reached skill level 6 in Dodging
    58 | D        | Reached skill level 5 in Shields
    58 | D        | Reached XP level 5. HP: 21/57 MP: 4/4
   115 | D        | Found a glowing silver altar of Zin.
   115 | D        | Found a glowing golden altar of the Shining One.
   115 | D        | Found an ancient bone altar of Kikubaaqudgha.
   115 | D        | Found a basalt altar of Yredelemnul.
   115 | D        | Found a shimmering altar of Xom.
   115 | D        | Found a radiant altar of Vehumet.
   116 | D        | Found an iron altar of Okawaru.
   117 | D        | Found a burning altar of Makhleb.
   118 | D        | Found a deep blue altar of Sif Muna.
   119 | D        | Found a bloodstained altar of Trog.
   120 | D        | Found a sparkling altar of Nemelex Xobeh.
   121 | D        | Found a white marble altar of Elyvilon.
   122 | D        | Found a roughly hewn altar of Beogh.
   123 | D        | Found a viscous altar of Jiyva.
   124 | D        | Found a corrupted altar of Lugonu.
   125 | D        | Found a blossoming altar of Fedhas.
   126 | D        | Found a snail-covered altar of Cheibriados.
   127 | D        | Found a shadowy altar of Dithmenos.
   128 | D        | Found a stormy altar of Qazlal.
   129 | D        | Found an opulent altar of Gozag.
   130 | D        | Found a sacrificial altar of Ru.
   156 | D        | Became a worshipper of Warmaster Okawaru
   193 | D        | Noticed a hungry ghost
   193 | D        | Noticed a jelly
   193 | D        | Noticed an orc wizard
   193 | D        | Noticed a wyvern
   202 | D        | Killed a wyvern
   202 | D        | Reached * piety under Okawaru
   202 | D        | Reached skill level 7 in Dodging
   202 | D        | Reached XP level 6. HP: 67/67 MP: 5/5
   203 | D        | Killed an orc wizard
   203 | D        | Reached skill level 8 in Dodging
   206 | D        | Killed a jelly
   211 | D        | Killed a hungry ghost
   211 | D        | Reached skill level 1 in Axes
   211 | D        | Reached XP level 7. HP: 76/76 MP: 6/6
   267 | D        | Noticed a wasp
   267 | D        | Noticed a skeletal warrior
   267 | D        | Noticed a centaur warrior
   267 | D        | Noticed an iguana
   267 | D        | Noticed a griffon
   267 | D        | Noticed a sky beast
   280 | D        | Mangled by a griffon

Action                   |  1- 3 |  4- 6 |  7- 9 || total
-------------------------+-------+-------+-------++-------
Melee: Unarmed           |    31 |    19 |       ||    50
       War axe           |       |    15 |    12 ||    27
  Use: Potion            |       |     3 |     3 ||     6
  Eat: Chunk             |       |       |     3 ||     3
       Bread ration      |       |       |     1 ||     1
